Map: Daybreak LE (Void)

Players

Neeb

  • Race: Protoss Protoss
  • Spawn Location: 1:00

iAsonu - Winner!

  • Race: Zerg Zerg
  • Spawn Location: 7:00

Event: WESG 2016 Finals

VOD

Have the link to the VOD?

Description

Time

  • Played on: Jan. 13, 2017, 1:45 a.m.
  • Length: 15:08

All games in this series

Show
View Real Time Build Order
Export as new Build Order

Neeb Protoss 

Build Orders: 1 Gate Expand, Oracle Opening 

Get SALT Encoding   

  12  0:00  Probe (Chrono Boost)  
  13  0:11  Probe (Chrono Boost)  
  14  0:18  Pylon  
  14  0:23  Probe (Chrono Boost)  
  15  0:36  Probe (Chrono Boost)  
  15  0:39  Gateway  
  16  0:47  Probe (Chrono Boost)  
  17  0:57  Probe (Chrono Boost)  
  17  0:58  Assimilator  
  18  1:08  Probe (Chrono Boost)  
  19  1:23  Nexus  
  19  1:26  Probe (Chrono Boost)  
  20  1:35  Cybernetics Core  
  20  1:39  Probe (Chrono Boost)  
  21  1:43  Assimilator  
  21  1:50  Probe (Chrono Boost)  
  21  1:53  Pylon  
  22  2:00  Probe (Chrono Boost)  
  23  2:08  Adept  
  23  2:13  Probe (Chrono Boost)  
  26  2:25  Probe (Chrono Boost), Stargate  
  27  2:32  Adept  
  27  2:35  Probe (Chrono Boost)  
  31  2:37  Probe (Chrono Boost)  
  31  2:44  Warp Gate  
  30  2:45  Probe (Chrono Boost)  
  30  2:49  Probe (Chrono Boost)  
  32  2:55  Adept  
  32  2:56  Probe (Chrono Boost)  
  33  3:01  Probe (Chrono Boost)  
  36  3:07  Probe (Chrono Boost)  
  36  3:11  Oracle  
  38  3:13  Probe (Chrono Boost)  
  38  3:18  Probe (Chrono Boost)  
  40  3:26  Probe (Chrono Boost)  
  41  3:27  Gateway  
  41  3:28  Probe (Chrono Boost)  
  42  3:34  Pylon  
  42  3:38  Probe (Chrono Boost)  
  42  3:39  Probe (Chrono Boost)  
  42  3:40  Gateway  
  44  3:47  Oracle  
  45  3:49  Probe (Chrono Boost)  
  45  3:50  Probe (Chrono Boost)  
  49  4:00  Probe (Chrono Boost)  
  49  4:02  Probe (Chrono Boost)  
  49  4:10  Probe (Chrono Boost)  
  49  4:14  Probe (Chrono Boost)  
  51  4:17  Pylon  
  51  4:21  Probe (Chrono Boost)  
  51  4:22  Assimilator  
  52  4:26  Probe (Chrono Boost)  
  53  4:31  Probe (Chrono Boost)  
  54  4:38  Probe (Chrono Boost)  
  54  4:42  Probe (Chrono Boost)  
  59  4:47  Stalker x3  
  59  4:50  Probe (Chrono Boost)  
  62  4:53  Pylon  
  62  4:55  Nexus  
  62  5:07  Probe (Chrono Boost)  
  62  5:09  Probe (Chrono Boost)  
  62  5:14  Assimilator, Phoenix  
  62  5:19  Probe (Chrono Boost)  
  62  5:20  Probe (Chrono Boost)  
  66  5:21  Pylon  
  66  5:26  Forge  
  66  5:28  Sentry x2, Adept  
  66  5:31  Probe (Chrono Boost)  
  66  5:32  Mothership Core (Chrono Boost)  
  71  5:43  Robotics Facility, Probe (Chrono Boost)  
  71  5:46  Protoss Ground Weapons Level 1  
  71  5:51  Probe (Chrono Boost), Adept  
  71  5:55  Probe (Chrono Boost)  
  75  5:57  Zealot  
  75  6:00  Pylon  
  75  6:01  Probe (Chrono Boost)  
  78  6:04  Pylon  
  78  6:06  Twilight Council  
  78  6:09  Probe x2 (Chrono Boost)  
  80  6:12  Probe (Chrono Boost)  
  81  6:20  Probe (Chrono Boost)  
  81  6:21  Probe (Chrono Boost)  
  81  6:22  Probe (Chrono Boost)  
  81  6:23  Sentry  
  86  6:27  Assimilator  
  86  6:30  Probe (Chrono Boost)  
  88  6:33  Probe x2 (Chrono Boost)  
  88  6:36  Assimilator  
  88  6:39  Pylon  
  89  6:41  Probe (Chrono Boost)  
  89  6:43  Probe (Chrono Boost)  
  89  6:45  Probe (Chrono Boost), Templar Archives  
  92  6:49  Pylon  
  92  6:51  Probe (Chrono Boost)  
  92  6:52  Pylon  
  94  6:54  Probe (Chrono Boost)  
  94  6:56  Charge  
  94  6:57  Probe (Chrono Boost)  
  94  6:58  Observer  
  96  7:02  Probe (Chrono Boost)  
  96  7:04  Probe (Chrono Boost)  
  99  7:10  Probe (Chrono Boost)  
  99  7:15  Probe (Chrono Boost)  
  98  7:16  Probe (Chrono Boost)  
  98  7:20  Gateway  
  98  7:22  Gateway  
  98  7:23  Gateway x2  
  98  7:26  Immortal, Psionic Storm  
  102  7:30  Protoss Ground Weapons Level 2, Gateway  
  102  7:32  Pylon  
  102  7:35  High Templar  
  104  7:40  High Templar  
  106  7:45  Probe (Chrono Boost)  
  106  7:47  Probe (Chrono Boost)  
  106  7:49  Photon Cannon  
  106  7:50  Zealot, Photon Cannon  
  110  7:54  Photon Cannon  
  110  8:03  Immortal  
  114  8:14  High Templar x2  
  114  8:19  Archon  
  117  8:20  Zealot, High Templar  
  117  8:21  Zealot x3  
  117  8:25  Probe x3 (Chrono Boost)  
  130  8:40  Observer  
  130  8:42  Zealot x4  
  130  8:44  Pylon  
  130  8:45  Pylon  
  130  8:47  High Templar  
  141  8:58  Nexus  
  141  9:01  Pylon  
  141  9:02  Phoenix  
  143  9:04  High Templar  
  143  9:08  Photon Cannon  
  147  9:10  Immortal  
  147  9:11  Probe x2 (Chrono Boost), Pylon  
  147  9:12  Probe (Chrono Boost)  
  147  9:16  Pylon  
  152  9:20  Assimilator  
  152  9:27  Assimilator, Phoenix  
  152  9:30  Protoss Ground Weapons Level 3  
  154  9:34  Zealot x3  
  154  9:35  Zealot x2  
  164  9:44  Immortal  
  164  9:47  High Templar x2  
  164  9:52  Phoenix  
  174  9:54  Archon  
  174  9:59  Photon Cannon x2  
  174  10:00  Zealot, Photon Cannon  
  174  10:05  Photon Cannon  
  176  10:16  Zealot x3  
  176  10:17  Zealot  
  176  10:18  Immortal  
  180  10:32  Sentry  
  180  10:35  High Templar x3  
  158  10:38  High Templar  
  158  10:39  Archon  
  158  10:42  Archon  
  160  10:46  Zealot x2  
  160  10:49  Gateway  
  164  10:52  Immortal  
  164  10:55  Gateway  
  164  10:59  Zealot  
  164  11:00  Zealot  
  166  11:08  Zealot x5, Probe (Chrono Boost)  
  175  11:13  Probe x2 (Chrono Boost)  
  173  11:18  Fleet Beacon  
  173  11:21  Stargate  
  173  11:23  Zealot x2, Stargate, High Templar  
  179  11:26  Immortal  
  179  11:27  Nexus  
  179  11:28  Photon Cannon  
  179  11:29  Photon Cannon  
  183  11:37  High Templar  
  183  11:38  Zealot, High Templar x3  
  192  11:44  Archon x2  
  192  11:56  Nexus  
  192  11:57  Pylon  
  180  12:19  Observer  
  180  12:27  Tempest x3  
  180  12:28  Photon Cannon  
  198  12:30  Photon Cannon  
  198  12:36  Assimilator  
  198  12:46  Protoss Shields Level 1  
  198  12:53  Nexus  
  196  13:06  Protoss Air Weapons Level 1  
  196  13:20  Pylon  
  194  13:32  Tempest  
  193  13:42  Pylon  
  193  13:45  Pylon  
  193  13:46  Pylon  
  193  13:48  Pylon x2  
  190  13:49  Pylon  
  190  13:53  Pylon  
  190  13:54  Pylon  
  182  14:04  Void Ray x2  
  168  14:14  High Templar x5  
  168  14:15  High Templar x5  
  168  14:16  Void Ray  
  192  14:22  Probe (Chrono Boost)  
  192  14:23  Probe x2 (Chrono Boost)  
  194  14:24  Probe (Chrono Boost)  
  192  14:35  Archon x4  
  192  14:36  Archon  
  158  14:54  Archon  
Show
View Real Time Build Order
Export as new Build Order

iAsonu Zerg - Winner!

Build Orders: Hatch First, Swarm Host 

Get SALT Encoding   

  12  0:00  Drone  
  13  0:12  Overlord  
  13  0:18  Drone  
  14  0:31  Drone x2  
  16  0:50  Hatchery  
  16  0:51  Drone  
  16  0:56  Drone  
  17  0:58  Drone  
  18  1:09  Extractor  
  17  1:16  Spawning Pool  
  16  1:19  Drone  
  16  1:24  Drone  
  18  1:29  Drone  
  19  1:41  Overlord  
  19  1:51  Drone  
  20  2:03  Queen  
  20  2:04  Queen, Zergling x2  
  20  2:05  Zergling x2  
  26  2:10  Metabolic Boost  
  26  2:15  Zergling x2  
  26  2:17  Drone  
  28  2:25  Drone  
  28  2:28  Zergling x2  
  30  2:39  Hatchery  
  29  2:46  Drone  
  29  2:47  Evolution Chamber  
  29  2:49  Drone  
  30  2:54  Drone  
  31  3:01  Overlord  
  31  3:05  Drone  
  32  3:09  Spore Crawler  
  32  3:10  Drone  
  32  3:20  Drone  
  32  3:21  Drone  
  32  3:24  Drone x3  
  32  3:25  Drone  
  38  3:27  Queen  
  38  3:32  Spore Crawler  
  39  3:37  Spore Crawler  
  39  3:40  Drone  
  39  3:41  Zergling x2  
  39  3:43  Zergling x2  
  41  3:50  Zergling x2  
  41  3:51  Zergling x4  
  41  3:55  Drone x2  
  46  4:00  Drone  
  47  4:05  Overlord  
  47  4:09  Drone x2  
  49  4:20  Overlord  
  49  4:23  Spore Crawler, Queen  
  50  4:26  Drone x3  
  50  4:27  Drone  
  50  4:28  Drone, Evolution Chamber  
  54  4:36  Drone  
  54  4:38  Drone  
  55  4:42  Drone  
  54  4:46  Zergling x2  
  54  4:47  Zergling x12  
  54  4:49  Drone  
  54  4:51  Drone  
  62  4:55  Overlord  
  62  4:56  Zerg Melee Weapons Level 1  
  62  4:57  Drone  
  62  4:58  Drone  
  62  5:00  Drone  
  62  5:05  Overlord  
  60  5:14  Drone x3  
  60  5:18  Extractor  
  60  5:19  Extractor  
  60  5:20  Drone  
  62  5:26  Drone x2  
  62  5:27  Queen  
  64  5:29  Hatchery  
  64  5:32  Drone  
  64  5:33  Drone, Zergling x2  
  64  5:34  Zergling x8  
  64  5:35  Drone  
  71  5:38  Drone  
  71  5:42  Drone  
  73  5:43  Roach Warren  
  73  5:44  Drone  
  73  5:45  Drone  
  73  5:47  Overlord  
  74  5:50  Overlord  
  74  5:55  Overlord x2  
  73  6:02  Overlord  
  73  6:03  Lair  
  73  6:05  Extractor  
  73  6:06  Overlord  
  73  6:09  Drone  
  73  6:10  Drone x2  
  75  6:14  Drone  
  75  6:15  Drone x2  
  75  6:16  Drone  
  75  6:18  Drone  
  79  6:19  Drone  
  79  6:21  Extractor  
  79  6:22  Drone  
  79  6:23  Extractor  
  79  6:25  Drone x3  
  82  6:28  Drone  
  82  6:29  Drone x2  
  82  6:32  Drone  
  86  6:36  Overlord  
  86  6:41  Overlord  
  86  6:48  Extractor  
  86  6:51  Roach  
  86  6:52  Roach x6  
  99  6:55  Zerg Missile Weapons Level 1  
  99  7:01  Overlord  
  99  7:09  Drone, Overlord  
  99  7:14  Overlord  
  98  7:17  Drone x3  
  98  7:18  Drone x3  
  98  7:22  Roach, Zergling x4  
  108  7:23  Infestation Pit, Zergling x10  
  108  7:27  Hydralisk Den, Overseer  
  111  7:39  Ravager x7  
  111  7:43  Burrow  
  118  7:49  Drone x2  
  122  7:58  Overlord  
  122  8:03  Spore Crawler  
  119  8:09  Ravager  
  119  8:10  Swarm Host x2  
  119  8:11  Swarm Host x3  
  147  8:13  Overlord x2  
  147  8:18  Muscular Augments  
  147  8:38  Overlord  
  147  8:39  Hydralisk  
  147  8:40  Hydralisk x8  
  164  9:01  Hydralisk x5  
  164  9:02  Hydralisk x2  
  177  9:14  Overlord  
  177  9:15  Zergling x18  
  177  9:16  Zergling x6  
  189  9:17  Zerg Missile Weapons Level 2  
  188  9:28  Baneling Nest  
  188  9:30  Evolution Chamber  
  185  9:58  Zerg Melee Weapons Level 2  
  185  10:00  Hive  
  185  10:06  Spire  
  184  10:13  Drone  
  185  10:18  Hatchery  
  184  10:22  Centrifical Hooks  
  177  10:32  Zergling x2  
  177  10:33  Zergling x22  
  177  10:34  Zergling x24  
  176  10:41  Zergling x16  
  162  11:12  Baneling x17  
  162  11:15  Hydralisk x5  
  166  11:24  Greater Spire, Corruptor  
  166  11:25  Corruptor x6  
  170  11:28  Corruptor x2  
  178  11:35  Adrenal Glands  
  178  11:38  Queen  
  178  11:39  Queen x2, Extractor  
  183  11:43  Spine Crawler x2  
  174  12:04  Spine Crawler  
  174  12:05  Spine Crawler  
  174  12:08  Zergling x26  
  174  12:09  Zergling x4  
  175  12:17  Queen  
  177  12:36  Brood Lord x9  
  195  12:39  Drone  
  196  12:47  Corruptor  
  196  12:48  Corruptor  
  197  13:07  Zerg Flyer Weapons Level 1  
  197  13:13  Zergling x4  
  195  13:54  Hydralisk x2  
  175  14:10  Hydralisk  
  175  14:11  Zergling x4  
  175  14:12  Zergling x16  
  186  14:22  Hydralisk  
  186  14:23  Zergling x12  
  194  14:29  Corruptor x3  
Tags
 
Add a new tag
Caveats
  • Supply blocks, unpowered buildings, or Contaminate may cause inaccurate times.
  • Supply counts are checked every 10 seconds.